Map: Ley Lines

Players

kitune - Winner!

  • Race: Zerg Zerg
  • Spawn Location: 1:00

ABN

  • Race: Protoss Protoss
  • League: Diamond
  • Spawn Location: 7:00

VOD

Have the link to the VOD?

Description

Time

  • Played on: June 17, 2025, 9:17 a.m.
  • Length: 4:02
Show
View Real Time Build Order
Export as new Build Order

kitune Zerg - Winner!

Build Orders: Pool First 

Get SALT Encoding   

  12  0:01  Drone  
  13  0:12  Overlord  
  13  0:16  Drone  
  14  0:31  Drone x2  
  14  0:35  Drone  
  17  0:37  Extractor  
  16  0:48  Spawning Pool  
  15  0:52  Drone  
  16  0:58  Drone  
  17  1:18  Hatchery  
  17  1:22  Drone  
  17  1:36  Zergling x2  
  17  1:37  Zergling x2  
  17  1:38  Metabolic Boost  
  19  1:42  Zergling x2  
  20  1:55  Queen  
  22  2:15  Baneling Nest  
  22  2:17  Overlord  
  22  2:19  Zergling x2  
  22  2:37  Zergling x6  
  25  2:44  Zergling x4  
  26  2:56  Zergling x2  
  26  2:57  Zergling x2  
  28  3:02  Baneling x5  
  28  3:05  Zergling x4  
  28  3:30  Zergling x2  
  28  3:31  Zergling x8  
  32  3:38  Zergling x2  
  32  3:39  Zergling x2  
Show
View Real Time Build Order
Export as new Build Order

ABN Protoss 

Build Orders: 1 Gate Expand, Oracle Opening 

Get SALT Encoding   

  12  0:00  Probe  
  13  0:12  Probe  
  14  0:19  Pylon  
  14  0:24  Probe  
  15  0:37  Probe  
  15  0:41  Gateway  
  16  0:45  Probe  
  17  0:53  Assimilator, Probe  
  17  1:04  Probe  
  19  1:16  Probe  
  20  1:28  Cybernetics Core  
  20  1:39  Nexus  
  20  1:49  Pylon  
  20  1:51  Probe  
  21  1:54  Adept  
  21  1:55  Assimilator  
  23  2:15  Cybernetics Core  
  22  2:18  Probe  
  23  2:28  Stargate  
  23  2:34  Adept  
  25  2:37  Probe  
  26  2:49  Probe, Shield Battery  
  27  2:59  Pylon, Probe  
  27  3:02  Probe  
  27  3:03  Oracle  
  29  3:11  Probe  
  30  3:16  Probe  
  34  3:23  Probe  
  34  3:26  Adept  
  33  3:31  Gateway  
Tags
 
Add a new tag
Caveats
  • Supply blocks, unpowered buildings, or Contaminate may cause inaccurate times.
  • Supply counts are checked every 10 seconds.